 Dungeon Crawl Stone Soup version 0.28.0-45-g0d030f2227 (webtiles) character file.

Game seed: 10034233260186330700

170 Uileat the Chopper (level 5, 0/47 HPs)
             Began as a Minotaur Fighter on Apr 9, 2022.
             Succumbed to a scorpion's poison
             ... on level 4 of the Dungeon.
             The game lasted 00:13:59 (2576 turns).

Uileat the Chopper (Minotaur Fighter)               Turns: 2576, Time: 00:14:00

Health: 0/47       AC:  9    Str: 20    XL:     5   Next: 26%
Magic:  4/4        EV:  7    Int:  5    God:
Gold:   143        SH:  5    Dex: 12    Spells: 4/4 levels left

rFire   . . .      SeeInvis .   a - +0 war axe
rCold   + . .      Faith    .   c - +0 buckler
rNeg    . . .      Spirit   .   j - +0 chain mail
rPois   .          Reflect  .   (helmet restricted)
rElec   .          Harm     .   (no cloak)
rCorr   .          Rampage  .   (no gloves)
Will    .....                   (no boots)
Stlth   ..........              (no amulet)
HPRegen 0.15/turn               q - ring of protection from cold
MPRegen 0.09/turn               (no ring)

@: lethally poisoned (0 -> -12), flying
A: horns 2, retaliatory headbutt
a: no special abilities


You were on level 4 of the Dungeon.
You visited 1 branch of the dungeon, and saw 4 of its levels.

You collected 143 gold pieces.

Inventory:

Hand Weapons
 a - a +0 war axe (weapon)
Missiles
 r - 5 poisoned darts (quivered)
Armour
 b - a +0 scale mail
 c - a +0 buckler (worn)
 j - a +0 chain mail (worn)
Jewellery
 q - a ring of protection from cold (left hand)
Wands
 n - a wand of polymorph (7)
 u - a wand of flame (16)
Scrolls
 f - a scroll of noise {unknown}
 o - 2 scrolls of teleportation {unknown}
 p - a scroll of enchant weapon {unknown}
 s - 2 scrolls of identify
 t - a scroll of magic mapping {unknown}
Potions
 d - a potion of might
 e - a potion of heal wounds {unknown}
 h - a potion of lignification {unknown}
 i - a potion of cancellation {unknown}
 k - 2 potions of magic
 l - a potion of brilliance
 m - a potion of haste {unknown}


   Skills:
 + Level 4.4 Fighting
 * Level 4.5 Axes
 + Level 1.0 Throwing
 + Level 4.4 Armour
 + Level 4.5 Shields


You had 4 spell levels left.
You didn't know any spells.
Your spell library contained the following spells:

 Spells                   Type           Power      Damage    Failure   Level
 Animate Skeleton         Necr           0%         N/A       100%        1
 Apportation              Tloc           0%         N/A       100%        1
 Summon Small Mammal      Summ           0%         N/A       100%        1


Dungeon Overview and Level Annotations

Branches:
Dungeon (4/15)
 Temple: D:4-7

Altars:
Dithmenos
Sif Muna


Innate Abilities, Weirdness & Mutations

You have a pair of horns on your head.
You reflexively headbutt those who attack you in melee.


Message History

A rock wall.
You closely miss the scorpion.
The scorpion stings you but does no damage.
You slash the scorpion!
The scorpion is heavily wounded.
The scorpion stings you but does no damage.
The scorpion stings you.
You are poisoned.
The scorpion poisons you!
You hit the scorpion.
You headbutt the scorpion, but do no damage.
The scorpion is almost dead.
You feel very sick. The scorpion stings you!
You are more poisoned.
The scorpion poisons you!
You barely miss the scorpion.
The scorpion is almost dead.
You feel very sick. The scorpion stings you.
You are lethally poisoned!
The scorpion poisons you! The scorpion closely misses you.
You hit the scorpion.
You kill the scorpion!
* * * LOW HITPOINT WARNING * * *
You feel extremely sick.
Your Throwing skill increases to level 1!
You have reached level 5!
It was a potion of magic.
Magic courses through your body.
* * * LOW HITPOINT WARNING * * *
You feel very sick.
As you read the scroll labelled REOCADIAXAECO, it crumbles to dust.
It is a scroll of identify.
l - a potion of brilliance
* * * LOW HITPOINT WARNING * * *
You feel very sick.
It was a potion of flight.
You feel very buoyant.
You fly up into the air.
You die...

#.##.#########
##... #.##.#
#... #.##.#
#### #.##.# #
#.##.# # #.# #
#.# # #.# #
#@# #.# #..
... #### ###


There were no monsters in sight!

Vanquished Creatures
  A scorpion (D:4)
  Robin (D:3)
  2 adders (D:4)
  A worm (D:4)
  A dart slug (D:1)
  6 orcs (D:3)
  10 ball pythons
  3 bats (D:3)
  5 endoplasms
  4 giant cockroaches
  11 goblins
  6 hobgoblins
  3 kobolds (D:1)
  4 quokkas
  2 frilled lizards
  3 rats
63 creatures vanquished.

Notes
Turn   | Place    | Note
-------+----------+-------------------------------------------
     0 | D:1      | Uileat the Minotaur Fighter began the quest for the Orb.
     0 | D:1      | Reached XP level 1. HP: 19/19 MP: 0/0
   131 | D:1      | Reached XP level 2. HP: 27/27 MP: 1/1
   144 | D:1      | Found a shimmering blue altar of Sif Muna.
   316 | D:1      | Found a faded altar of an unknown god.
   454 | D:1      | Reached XP level 3. HP: 33/33 MP: 2/2
   996 | D:3      | Found a shadowy altar of Dithmenos.
  1146 | D:3      | Noticed Robin
  1366 | D:3      | Killed Robin
  1367 | D:3      | Reached XP level 4. HP: 30/40 MP: 3/3
  2556 | D:4      | Noticed a scorpion
  2573 | D:4      | Killed a scorpion
  2574 | D:4      | Reached skill level 1 in Throwing
  2574 | D:4      | Reached XP level 5. HP: 10/47 MP: 4/4
  2576 | D:4      | Succumbed to a scorpion's poison

Illustrated notes

Levels and vault maps discovered:
D:1:      wander_arrival_chamber, layout_loops_cross,
          shapermc_ecumenical_altar_acropolis, minmay_hexomino_r4
D:2:      layout_rooms
D:3:      layout_loops_ring, grunt_dithmenos_smoke_and_mirrors, uniq_robin
D:4:      nicolae_cairo_tiling_very_big, layout_basic, minmay_hedge_maze

Skill      XL: |  1  2  3  4 |
---------------+-------------+-----
Axes           | 3 4 |  4.5
Fighting       | 4 |  4.4
Shields        | 4 |  4.5
Armour         | 4 |  4.4
Throwing       | 1 |  1.0

Action                   |  1- 3 |  4- 6 || total
-------------------------+-------+-------++-------
Melee: War axe           |    79 |    43 ||   122
       Headbutt          |    12 |     7 ||    19
  Use: Scroll            |     5 |     1 ||     6
       Potion            |       |     2 ||     2
Armor: Scale mail        |    26 |       ||    26
       Chain mail        |    11 |    20 ||    31
Dodge: Dodged            |    34 |    16 ||    50
Block: Buckler           |    20 |     7 ||    27
